 Dungeon Crawl Stone Soup version 0.29-a0-615-gdeedd76f10 (webtiles) character file.

Game seed: 14028672328567990176

117 Querens the Shield-Bearer (level 5, -1/46 HPs)
             Began as a Meteoran Fighter on June 17, 2022.
             Killed from afar by Robin (22 damage)
             ... with a bolt of light
             ... on level 3 of the Dungeon.
             The game lasted 00:03:39 (1084 turns).

Querens the Shield-Bearer (Meteoran Fighter)        Turns: 1084, Time: 00:03:40

Health: -1/46      AC:  7    Str: 19    XL:     5   Next: 47%
Magic:  6/6        EV: 10    Int:  9    God:
Gold:   69         SH:  0    Dex: 14    Spells: 4/4 levels left

rFire   . . .      SeeInvis .   a - +0 war axe
rCold   . . .      Faith    .   c - +0 buckler
rNeg    . . .      Spirit   .   b - +0 scale mail
rPois   .          Reflect  .   (no helmet)
rElec   .          Harm     .   (no cloak)
rCorr   .          Rampage  .   (no gloves)
Will    .....                   (no boots)
Stlth   ..........              (no amulet)
HPRegen 0.15/turn               (no ring)
MPRegen 0.10/turn               (no ring)

@: confused, glowing
A: sense surroundings 1, otherworldly, glowing, explore regen
a: no special abilities


You were on level 3 of the Dungeon.
You visited 1 branch of the dungeon, and saw 3 of its levels.

You collected 69 gold pieces.

Inventory:

Hand Weapons
 a - a +0 war axe (weapon)
Missiles
 q - a throwing net (quivered)
 s - 7 poisoned darts
Armour
 b - a +0 scale mail (worn)
 c - a +0 buckler (worn)
Wands
 r - a wand of iceblast (7)
Scrolls
 f - 2 scrolls of vulnerability {unknown}
 g - a scroll of blinking {unknown}
 h - a scroll of immolation {unknown}
 i - 3 scrolls of identify {unknown}
 k - 2 scrolls of enchant armour {unknown}
 l - a scroll of amnesia {unknown}
 m - a scroll of torment {unknown}
 o - 2 scrolls of magic mapping {unknown}
 p - a scroll of summoning {unknown}
Potions
 d - a potion of might
 e - 2 potions of heal wounds {unknown}
 j - a potion of brilliance {unknown}
 n - a potion of curing {unknown}


   Skills:
 + Level 4.0 Fighting
 + Level 3.4 Axes
 + Level 4.3 Armour
 + Level 2.1 Dodging
 + Level 4.4 Shields


You had 4 spell levels left.
You didn't know any spells.
Your spell library was empty.

Dungeon Overview and Level Annotations

Branches:
Dungeon (3/15) Zot: 657

Altars:

Annotations:
D:3 Robin


Innate Abilities, Weirdness & Mutations

You passively map a small area around you.
You are easily found by Zot.
You glow in the dark.
You regain HP and MP as you explore.


Message History

Robin points. "Kill!"
The hobgoblin hits you.
The goblin hits you with a +0 dagger. x2
The goblin closely misses you. The goblin barely misses you.
You block the hobgoblin's attack. The goblin barely misses you.
The goblin hits you but does no damage.
Unknown command.
Unknown command.
You closely miss the goblin. x2; You hit the goblin.
You hit the hobgoblin. You closely miss the goblin.
You block the goblin's attack. Robin throws the goblin at you!
The hobgoblin hits you. The goblin hits you but does no damage.
The goblin barely misses you. The goblin hits you but does no damage.
The goblin closely misses you.
Unknown command.
You slash the goblin!
You kill the goblin!
You slash the hobgoblin!
You kill the hobgoblin!
You closely miss the goblin. You barely miss the goblin.
You closely miss the goblin. You hit the hobgoblin.
You kill the hobgoblin!
The goblin hits you with a +1 dagger of speed.
The goblin hits you with a +0 club.
The goblin hits you but does no damage. x2
Unknown command.
You hit Robin but do no damage. You miss the goblin.
You closely miss the goblin. x2; You barely miss the goblin.
The goblin barely misses you. The goblin hits you with a +0 dagger.
Robin throws the goblin at you! The goblin hits you with a +0 club.
You block the goblin's attack. x2; The goblin hits you but does no damage.
The goblin closely misses you. Robin hits you with a +5 club.
The goblin hits you with a +0 club.
You slash Robin!
Robin is heavily wounded.
You slash the goblin!
You kill the goblin!
You barely miss the goblin. You closely miss the goblin. You slash the goblin!
You kill the goblin!
The goblin hits you with a +1 dagger of speed.
Robin zaps a wand.
The bolt of light hits you!!
You are confused.
You die...

.. , . , ...
,##,,..##...... #... ...,
.+,...+......##....,
..#+#.#....#.$..........
......#....+.$..........
...........#............,
............#.#.........
.....#......#.#).g......
......#####.#.#g@)......,
......# #....g#)#..[..
.)....#######.#.#.# ...
..............#.#.# , #
................#.#*
#'#############.#.#* #.#
###.., #.# ## #.#


You could see Robin and 2 goblins.

Vanquished Creatures
  Ijyb (D:3)
  3 adders (D:3)
  2 worms
  A dart slug (D:1)
  4 endoplasms
  A giant cockroach (D:1)
  11 goblins
  8 hobgoblins
  5 ball pythons
  8 bats
  3 frilled lizards
  9 kobolds
  2 rats
58 creatures vanquished.

Notes
Turn   | Place    | Note
-------+----------+-------------------------------------------
     0 | D:1      | Querens the Meteoran Fighter began the quest for the Orb.
     0 | D:1      | Reached XP level 1. HP: 19/19 MP: 2/2
    38 | D:1      | Reached XP level 2. HP: 23/26 MP: 3/3
   134 | D:1      | Reached skill level 1 in Dodging
   134 | D:1      | Reached XP level 3. HP: 31/31 MP: 4/4
   201 | D:1      | Found a faded altar of an unknown god.
   823 | D:3      | Reached XP level 4. HP: 40/40 MP: 5/5
   980 | D:3      | Reached XP level 5. HP: 42/44 MP: 6/6
   997 | D:3      | Noticed Ijyb
  1014 | D:3      | Killed Ijyb
  1074 | D:3      | Noticed Robin
  1084 | D:3      | Killed from afar by Robin

Illustrated notes

Levels and vault maps discovered:
D:1:      scummos_arrival_checkerplants, layout_rooms,
          shapermc_ecumenical_altar_mp_vishouse
D:2:      layout_loops_cross
D:3:      layout_basic, uniq_robin, uniq_ijyb

Skill      XL: |  1  2  3  4  5 |
---------------+----------------+-----
Dodging        | 1 2 |  2.1
Shields        | 4 |  4.4
Armour         | 4 |  4.3
Axes           | 3 |  3.4
Fighting       | 4 |  4.0

Action                   |  1- 3 |  4- 6 || total
-------------------------+-------+-------++-------
Melee: War axe           |    88 |    57 ||   145
Armor: Scale mail        |    60 |    43 ||   103
Dodge: Dodged            |    43 |    34 ||    77
Block: Buckler           |    35 |    18 ||    53

Table legend: (Time is in decaauts)
 A = Elapsed time spent in this place.
 B = Non-inter-level travel time spent in this place.
 C = Inter-level travel time spent in this place.
 D = Time resting spent in this place.
 E = Time spent auto-exploring this place.
 F = Levels seen in this place.
 G = Mean time per level.
                   A        B        C        D        E       F      G
               +--------+--------+--------+--------+--------+-----+--------+
         Total |   1140 |   1107 |     33 |      0 |      0 |   3 |  380.0 |
       Dungeon |   1140 |   1107 |     33 |      0 |      0 |   3 |  380.0 |
               +--------+--------+--------+--------+--------+-----+--------+

Top non-repeatable levels by time:
     D:2: 426 daAuts
     D:1: 424 daAuts
     D:3: 289 daAuts
